 Dungeon Sprint DCSS version 0.31-a0-845-g9abc20d24f (webtiles) character file.

Game seed: 11030976439497206371

327 Danienth the Grappler (level 6, -8/53 HPs)
             Began as a Demigod Shapeshifter on Oct 2, 2023.
             Mangled by a wyvern (18 damage)
             ... in the Dungeon (Sprint II: "The Violet Keep of Menkaure").
             The game lasted 00:02:59 (245 turns).

Danienth the Grappler (Demigod Shapeshifter)         Turns: 245, Time: 00:03:00

Health: -8/53      AC:  2    Str: 19    XL:     6   Next: 3%
Magic:  8/8        EV: 14    Int: 12    God:
Gold:   243        SH:  0    Dex: 17    Spells: 5/5 levels left

rFire   . .          .
                       - Unarmed
rCold   . . .        (no shield)
rNeg    . . .        a - +0 animal skin
rPois   .            (helmet currently unavailable)
rElec   .            (cloak currently unavailable)
rCorr   .            (gloves currently unavailable)
SInv    .            (boots currently unavailable)
Will    .....        (no amulet)
Stlth   ++           (no ring)
HPRegen 0.28/turn    (no ring)
MPRegen 0.11/turn

%: no teleportation
@: beast-form
A: beast (slay +3), high MP 1, forlorn, divine attributes
a: Begin Untransformation


You were in the Dungeon.
You were a hulking beast.
You visited 1 branch You collected 243 gold pieces.

Inventory:

Armour
 a - a +0 animal skin (worn)
Talismans
 c - a beast talisman (active)
 d - a flux talisman
Scrolls
 j - a scroll of blinking
Potions
 e - a potion of curing
 h - 2 potions of magic


   Skills:
 * Level 4.4 Fighting
 * Level 4.5 Dodging
 * Level 8.7 Unarmed Combat
 + Level 6.5 Shapeshifting


You had 5 spell levels left.
You didn't know any spells.
Your spell library was empty.

Dungeon Overview and Level Annotations

Branches:
Dungeon (1/1)

Annotations:
D exclusion: orange crystal statue


Innate Abilities, Weirdness & Mutations

You are a hulking beast.
Your limbs bulge with bestial killing power. (Slay +3)
You have an increased reservoir of magic. (+10% MP)
You shall have no god before yourself.
Your divine heritage dramatically boosts your attributes as you level up.


Message History

You start resting.
HP restored.
The orange crystal statue is engulfed in mutagenic fog.
You start waiting.
The orange crystal statue is engulfed in mutagenic fog.
The orange crystal statue is engulfed in mutagenic fog.
As you close the door, it creaks loudly!
There is an open door here.
Your library has no spells.
You don't know any spells.
As you open the door, it creaks loudly! 2 wyverns come into view.
The wyvern hisses angrily.
Found 243 gold pieces.
Attack: -) Nothing wielded
Press: ? - help, Dir - move target, f - wyvern
Aim: a wyvern (about 28% to evade your hands)
You closely miss the wyvern. The wyvern bites you.
Attack: -) Nothing wielded
Press: ? - help, Dir - move target, f/p - wyvern
Aim: a wyvern (about 27% to evade your hands)
You hit the wyvern but do no damage. The wyvern bites you!!
You feel much better. The wyvern bites you! The wyvern barely misses you.
Okay, then.
Attack: -) Nothing wielded
Press: ? - help, Dir - move target, f/p - wyvern
Aim: a wyvern (about 27% to evade your hands)
You closely miss the wyvern. Your punch misses the wyvern.
The wyvern bites you!
Attack: -) Nothing wielded
Press: ? - help, Dir - move target, f/p - wyvern
Aim: a wyvern (about 27% to evade your hands)
You hit the wyvern but do no damage. The wyvern bites you!
* * * LOW HITPOINT WARNING * * *
Attack: -) Nothing wielded
Press: ? - help, Dir - move target, f/p - wyvern
Aim: a wyvern (about 27% to evade your hands)
You hit the wyvern but do no damage. You punch the wyvern!
The wyvern is moderately wounded.
The wyvern barely misses you. The wyvern bites you!!
You die...

## ## .# #.
l#$ #l#
##h## +.<.+
# ##.## #~
##'## ~~
##.#.## ~~
#..#..#
#S###.### ~
#~~##+##~~~≈
#~~~~~~~~~~≈


You could see 2 wyverns.

Vanquished Creatures
  A water moccasin (D)
  4 scorpions (D)
5 creatures vanquished.

Notes
Turn   | Place    | Note
-------+----------+-------------------------------------------
     0 | D        | Danienth the Demigod Shapeshifter began the quest for the
                  | Orb.
     0 | D        | Reached XP level 1. HP: 15/15 MP: 3/3
     1 | D        | Noticed a scorpion
     1 | D        | Noticed a scorpion
     1 | D        | Noticed a scorpion
     1 | D        | Noticed a scorpion
    12 | D        | Killed a scorpion
    13 | D        | Reached skill level 5 in Unarmed Combat
    13 | D        | Reached XP level 2. HP: 20/25 MP: 4/4
    13 | D        | Reached XP level 3. HP: 25/30 MP: 5/5
    16 | D        | Killed a scorpion
    17 | D        | Reached skill level 6 in Unarmed Combat
    17 | D        | Reached skill level 5 in Shapeshifting
    17 | D        | Reached XP level 4. HP: 27/38 MP: 6/6
    21 | D        | Reached skill level 7 in Unarmed Combat
    21 | D        | Reached XP level 5. HP: 30/45 MP: 7/7
   118 | D        | Noticed an orange crystal statue
   120 | D        | Noticed a water moccasin
   126 | D        | Killed a water moccasin
   127 | D        | Reached skill level 8 in Unarmed Combat
   127 | D        | Reached XP level 6. HP: 53/53 MP: 8/8
   239 | D        | Noticed a wyvern
   239 | D        | Noticed a wyvern
   245 | D        | Mangled by a wyvern

Illustrated notes

Levels and vault maps discovered:
D:        the_violet_keep_of_menkaure [sprint2_stairs_cluster_1,
          sprint2_shoproom, sprint2_temple, sprint2_basic_supplies,
          sprint2_obstacle_4, sprint2_obstacle_7, sprint2_obstacle_3,
          sprint2_obstacle_1, sprint2_obstacle_6, sprint2_timed_cluster_1,
          sprint2_smallroom_cluster_1, sprint2_smallroom_final_cluster_1,
          sprint2_transparent_cluster_1, sprint2_second_timed_cluster_1,
          sprint2_sniper_area_1, sprint2_heavy_combat_area_1,
          sprint2_mutation_trap_area_1, sprint2_forest_area_1,
          sprint2_light_combat_area_1, sprint2_behind_water_1,
          sprint2_near_end_vault_1]

Skill      XL: |  1  2  3  4  5 |
---------------+----------------+-----
Fighting       | 2 3 4 |  4.4
Dodging        | 2 3 4 |  4.5
Unarmed Combat | 5 6 7 8 |  8.7
Shapeshifting  | 4 5 6 |  6.5

Action                     |  1- 3 |  4- 6 || total
---------------------------+-------+-------++-------
  Melee: Unarmed           |    13 |    13 ||    26
         Punch             |       |     3 ||     3
    Use: Potion            |     1 |     3 ||     4
 Armour: Animal skin       |     4 |    10 ||    14
         Skin              |       |     2 ||     2
  Dodge: Dodged            |     5 |     3 ||     8

Table legend: (Time is in decaauts)
 A = Elapsed time spent in this place.
 B = Non-inter-level travel time spent in this place.
 C = Inter-level travel time spent in this place.
 D = Time resting spent in this place.
 E = Time spent auto-exploring this place.
 F = Levels seen in this place.
 G = Mean time per level.
                   A        B        C        D        E       F      G
               +--------+--------+--------+--------+--------+-----+--------+
         Total |    231 |    229 |      2 |    186 |      0 |   1 |  231.0 |
       Dungeon |    231 |    229 |      2 |    186 |      0 |   1 |  231.0 |
               +--------+--------+--------+--------+--------+-----+--------+

Top non-repeatable levels by time:
       D: 231 daAuts
